AoeStats
← HAKUNA MATATA

MegaRandom

507291982Analyzed
4v4 RM · 15d ago on Sep 17, 2026· 38m 22s· 8 players
Game mode
Random Map
Map size
Large (8 player)
Population
200
Speed
Normal
Resources
Standard
Victory
Conquest
Starting age
Dark Age
Ending age
Imperial Age
RankedLock teamsTeams togetherTeam positionsShared explorationLock speedFull tech treeHidden civsTurbo modeCheats
Victory
Defeat
🇩🇪 Malians · Germany
1457
+15
🇪🇨 Persians · Ecuador
1441
+16
🇬🇧 Aztecs · United Kingdom
1404
+17
1369
+18
🇪🇸 Vietnamese · Spain
1567
-23
🇹🇷 Franks · Türkiye
1427
-16
🇭🇰 Berbers · Hong Kong SAR China
1379
-14
🇦🇷 Vikings · Argentina
1344
-13
Maty
10:40 Feudal Age
11:10 Double-Bit Axe
11:34 Fishing Lines
12:16 Loom
18:00 Castle Age
16:55 Gold Mining
18:53 Bow Saw
20:52 Scale Barding Armor
21:43 Gillnets
22:25 Bloodlines
25:50 Chain Barding Armor
25:47 Husbandry
28:12 Wheelbarrow
29:30 Forging
33:30 Hand Cart
33:01 Town Watch
36:26 Imperial Age
34:42 Horse Collar
35:40 Gold Shaft Mining
34:56 Stone Mining
35:44 Iron Casting
35:21 Masonry
35:09 Fletching
36:07 Cavalier
37:23 Plate Barding Armor
37:46 Savar
39:35 Two-Man Saw
39:00 Ballistics
39:41 Chemistry
38:38 Bodkin Arrow
MadEvilTimes
8:48 Loom
10:48 Feudal Age
11:03 Man-at-Arms
11:35 Double-Bit Axe
12:16 Arson
12:31 Horse Collar
15:53 Scale Mail Armor
22:15 Castle Age
21:06 Gold Mining
21:09 Stone Mining
21:12 Fletching
22:16 Forging
22:20 Long Swordsman
23:31 Bow Saw
24:41 Chain Mail Armor
32:47 Bow Saw
34:13 Padded Archer Armor
34:16 Squires
35:47 Iron Casting
36:56 Wheelbarrow
Sheepeehs
13:56 Feudal Age
12:58 Loom
15:05 Double-Bit Axe
17:57 Castle Age
15:40 Horse Collar
15:49 Arson
16:06 Gold Mining
17:00 Scale Mail Armor
18:01 Forging
17:59 Eagle Warrior
19:12 Chain Mail Armor
19:56 Squires
22:06 Gambesons
35:34 Iron Casting
37:25 Wheelbarrow
Ares_Hong Bang- Trieu Dynasty
6:54 Loom
9:12 Feudal Age
16:34 Fletching
23:01 Castle Age
22:01 Double-Bit Axe
23:04 Crossbowman
24:10 Bodkin Arrow
26:20 Ballistics
27:44 Wheelbarrow
28:06 Horse Collar
35:12 Hand Cart
37:48 Imperial Age
36:50 Bow Saw
36:45 Heavy Plow
36:38 Gold Mining
37:04 Medium Warships
38:06 Stone Mining
39:20 Conscription
Puskas
7:14 Loom
10:20 Feudal Age
11:59 Double-Bit Axe
17:24 Fletching
23:56 Castle Age
24:35 Padded Archer Armor
24:37 Bodkin Arrow
24:09 Crossbowman
26:25 Elite Skirmisher
HAKUNA MATATA
8:00 Loom
11:27 Feudal Age
15:56 Castle Age
15:43 Double-Bit Axe
16:09 Scale Barding Armor
16:21 Scale Barding Armor
22:44 Forging
26:19 Chain Barding Armor
28:41 Iron Casting
34:29 Husbandry
Bear
12:35 Feudal Age
14:01 Loom
18:01 Castle Age
16:24 Fletching
18:46 Padded Archer Armor
21:14 Ballistics
20:33 Crossbowman
30:29 Bodkin Arrow
35:30 Leather Archer Armor
302
9:46 Loom
11:41 Feudal Age
17:06 Castle Age
27:21 Fletching
Connection lost

Rejoining the realm…

Still unreachable

The connection could not be restored.

Session expired

The server has moved on; the page needs a fresh start.